 Dungeon Crawl Stone Soup version 0.21-a0-331-gfb491b4 (webtiles) character file.

403 Svalin the Cleaver (level 6, -1/51 HPs)
             Began as a Hill Orc Monk on Oct 2, 2017.
             Slain by a gnoll
             ... wielding a +0 halberd
              (5 damage)
             ... on level 4 of the Dungeon.
             The game lasted 00:08:17 (4023 turns).

Svalin the Cleaver (Hill Orc Monk)                  Turns: 4023, Time: 00:08:18

Health: -1/51      AC:  7    Str: 16    XL:     6   Next: 86%
Magic:  6/6        EV: 13    Int: 19    God:
Gold:   178        SH:  0    Dex: 20    Spells: 5/5 levels left

rFire    . . .     SeeInvis .   a - +0 hand axe
rCold    + . .     Gourm    .   (no shield)
rNeg     . . .     Faith    .   k - +3 leather armour {rC+}
rPois    .         Spirit   .   j - +0 helmet of the Teacher {Int+4 Dex+7}
rElec    .         Reflect  .   (no cloak)
rCorr    +         Harm     .   (no gloves)
MR       .....                  (no boots)
Stlth    ++........             (no amulet)
HPRegen  0.17/turn              e - ring of resist corrosion
MPRegen  0.10/turn              o - +5 ring of intelligence

@: no status effects
A: no striking features
a: no special abilities


You were on level 4 of the Dungeon.
You were hungry.

You visited 1 branch of the dungeon, and saw 4 of its levels.

You collected 178 gold pieces.

Inventory:

Hand Weapons
 a - a +0 hand axe (weapon)
Armour
 h - a +0 leather armour
 j - the +0 helmet of the Teacher (worn) {Int+4 Dex+7}
   (You took it off Robin on level 2 of the Dungeon)

   It affects your intelligence (+4).
   It affects your dexterity (+7).
 k - a +3 leather armour of cold resistance (worn)
Jewellery
 e - a ring of resist corrosion (left hand)
 o - a +5 ring of intelligence (right hand)
Scrolls
 f - 2 scrolls of blinking
 g - a scroll of teleportation {unknown}
 n - 2 scrolls of remove curse
 r - a scroll of fog
Potions
 i - a potion of cancellation
 m - a potion of heal wounds {unknown}
 p - a potion of degeneration {unknown}
 q - a potion of flight {unknown}
Comestibles
 b - 6 chunks of flesh
 c - 2 bread rations


   Skills:
 - Level 3.6 Fighting
 + Level 9.8 Axes
 - Level 2.4 Dodging
 - Level 1.5 Stealth


You had 5 spell levels left.
You didn't know any spells.

Dungeon Overview and Level Annotations

Branches:
Dungeon (4/15)
 Temple: D:4-7

Altars:
Qazlal


Message History

The gnoll misses you.
The gnoll zaps a wand.
The gnoll hits you from afar with a halberd!
* * * LOW HITPOINT WARNING * * *
Unknown command.
You stop sporulating.
Your +0 hand axe unmelds from your body.
The +0 helmet of the Teacher {Int+4 Dex+7} unmelds from your body.
Your +3 leather armour of cold resistance unmelds from your body.
You feel resistant to cold. The gnoll closely misses you. The gnoll misses you.
The gnoll hits you but does no damage.
Things that are here:
a club; a leather armour; 15 gold pieces You hit the gnoll.
The gnoll is moderately wounded.
The gnoll hits you with a halberd!
* * * LOW HITPOINT WARNING * * *
The gnoll hits you from afar with a halberd.
You die...

### ###########.#
######### #......gg.).#
#........ #.#########.#
#.####### #.#########.#
#.# #.#......@gg# #.#
#g#.######### #.# #.#.#
#.# #.#.# #.# #.#.# #.#
#.#.##############.#######
#.#.......................
#.#.########.###.#.#######
#.#>......................


You could see 2 gnolls.

Vanquished Creatures
  An ice beast (D:4)
  An ogre (D:4)
  An iguana (D:4)
  Natasha (thrice) (D:2)
  Robin (D:2)
  2 adders
  A gnoll (D:4)
  4 dart slugs
  3 leopard geckos
  4 orcs (D:4)
  2 giant cockroaches (D:2)
  14 goblins
  12 hobgoblins
  2 jackals (D:1)
  5 kobolds
  4 quokkas
  5 bats
  4 frilled lizards
  3 rats
72 creatures vanquished.

Notes
Turn   | Place    | Note
-------+----------+-------------------------------------------
     0 | D:1      | Svalin the Hill Orc Monk began the quest for the Orb.
     0 | D:1      | Reached XP level 1. HP: 19/19 MP: 1/1
   231 | D:1      | Reached XP level 2. HP: 24/26 MP: 2/2
   452 | D:1      | Reached skill level 5 in Axes
   931 | D:2      | Reached XP level 3. HP: 31/31 MP: 3/3
   944 | D:2      | Noticed Robin
  1252 | D:2      | Reached skill level 6 in Axes
  1264 | D:2      | Killed Robin
  1270 | D:2      | Got an encrusted helmet
  1276 | D:2      | Identified the +0 helmet of the Teacher {Int+4 Dex+7} (You took it off Robin on level 2 of the Dungeon)
  1481 | D:2      | Noticed Natasha
  1534 | D:2      | Killed Natasha
  1534 | D:2      | Reached XP level 4. HP: 35/39 MP: 4/4
  1725 | D:2      | Reached skill level 7 in Axes
  1757 | D:2      | Found a stormy altar of Qazlal.
  1884 | D:2      | Noticed Natasha
  1900 | D:2      | Killed Natasha
  1900 | D:2      | Reached XP level 5. HP: 20/45 MP: 5/5
  2171 | D:2      | Noticed Natasha
  2186 | D:2      | Killed Natasha
  2358 | D:2      | You fall through a shaft!
  2546 | D:3      | Noticed a phantom
  2595 | D:3      | Reached skill level 8 in Axes
  3580 | D:4      | Noticed an ice beast
  3606 | D:4      | Killed an ice beast
  3606 | D:4      | Reached skill level 9 in Axes
  3606 | D:4      | Reached XP level 6. HP: 13/51 MP: 6/6
  4023 | D:4      | Slain by a gnoll

Vault maps used:
D:1:      dpeg_arrival_stonehenge_8_columns
D:2:      kennysheep_big_flooded_room, lemuel_crystal_altar, uniq_robin,
          uniq_natasha
D:4:      kennysheep_little_box

Skill      XL: |  1  2  3  4  5 |
---------------+----------------+-----
Axes           | 5 6 7 9 |  9.8
Fighting       | |  3.6
Dodging        | |  2.4
Stealth        | |  1.5

Action                   |  1- 3 |  4- 6 || total
-------------------------+-------+-------++-------
Melee: Hand axe          |    87 |   197 ||   284
  Use: Scroll            |     1 |     4 ||     5
       Potion            |       |     4 ||     4
 Stab: Sleeping          |     3 |     3 ||     6
  Eat: Chunk             |     2 |     5 ||     7
       Royal jelly       |       |     1 ||     1
Armor: Robe              |     6 |       ||     6
       Leather armour    |     7 |    37 ||    44
       Skin              |       |     1 ||     1
Dodge: Dodged            |    69 |   112 ||   181

Table legend:
 A = Spawn XP
 B = Non-spawn XP
 C = Spawn XP percentage of total XP
 D = Spawn monster count
 E = Non-spawn monster count
 F = Spawn count percentage of total count
 G = Total turns spent on level
                    A         B        C        D         E        F      G
               +---------+---------+-------+---------+---------+-------+---------
         Total |       0 |     577 |   0.0 |       0 |      72 |   0.0 |  4023
               +---------+---------+-------+---------+---------+-------+---------
           D:1 |       0 |      42 |   0.0 |       0 |      20 |   0.0 |  1212
           D:2 |       0 |     185 |   0.0 |       0 |      33 |   0.0 |  1336
           D:3 |       0 |      32 |   0.0 |       0 |      11 |   0.0 |   677
           D:4 |       0 |     318 |   0.0 |       0 |       8 |   0.0 |   798
               +---------+---------+-------+---------+---------+-------+---------
